[ AOE2 MATCH · #506567815 ]
UnrankedTurks vs Koreans
Player's team · LOSS
Rival team · WIN
[ REPLAY ANALYSIS · EXTRACTED FROM THE RECORDED GAME ]
Feudal
11:30
Castle
16:26
Imperial
—
| APM avg | 45.2 |
| APM peak | 115 |
| eAPM avg | 12.9 |
| Villagers / military | 63 / 13 |
Focus
⚔️ 16.5% · 🌾 83.5%
Janissary ×5 · Battering Ram ×5 · Petard ×3
Feudal
10:15
Castle
21:29
Imperial
—
| APM avg | 29.9 |
| APM peak | 76 |
| eAPM avg | 14.1 |
| Villagers / military | 51 / 4 |
Focus
⚔️ 18.9% · 🌾 81.1%
Militia ×3 · War Wagon ×1
Match map
Initial resources + every placement click. Lines = walls · curves = elevation contours. ◆ gold · ⬟ stone · ● berries · ✦ relic · ◌ wall gap
Your base· ✓ Closed at 16:26 · 12t walls · no gate
randal7580's base· ✓ Closed at 21:29 · 14t walls · 1 gate(s)
Smoothed initial terrain · ◌ = detected wall gap · hover for details
Inputs per minute
— Muted TY - - randal7580
Build order — Muted TY
120 actions detected in the replay
| 0:01 | Queue | Villager (Male) ×4 |
| 0:01 | Queue | Villager (Male) ×4 |
| 0:02 | Build | House |
| 0:04 | Build | House |
| 1:23 | Queue | Villager (Male) |
| 1:52 | Queue | Villager (Male) |
| 2:25 | Queue | Villager (Male) |
| 2:52 | Queue | Villager (Male) |
| 3:05 | Build | House |
| 3:18 | Queue | Villager (Male) |
| 3:53 | Build | Mill |
| 3:55 | Queue | Villager (Male) |
| 4:04 | Build | Lumber Camp |
| 4:09 | Queue | Villager (Male) |
| 4:44 | Queue | Villager (Male) |
| 4:53 | Queue | Villager (Male) |
| 5:24 | Queue | Villager (Male) ×2 |
| 6:16 | Queue | Villager (Male) ×2 |
| 6:20 | Build | House |
| 6:36 | Queue | Villager (Male) |
| 6:46 | Build | Mining Camp |
| 7:01 | Queue | Villager (Male) ×2 |
| 7:19 | Queue | Villager (Male) |
| 7:20 | Research | Loom |
| 8:07 | Queue | Villager (Male) ×4 |
| 8:18 | Build | Mining Camp |
| 9:19 | Research | Feudal Age |
| 9:34 | Build | House |
| 9:37 | Build | Palisade Wall |
| 10:25 | Queue | Villager (Male) ×5 |
| 10:37 | Queue | Villager (Male) ×3 |
| 11:05 | Build | Palisade Wall |
| 11:30 | Age | Feudal Age |
| 11:43 | Build | Market |
| 12:24 | Queue | Villager (Male) ×5 |
| 12:44 | Build | Blacksmith |
| 13:26 | Build | Palisade Wall |
| 13:46 | Research | Castle Age |
| 14:04 | Research | Double-Bit Axe |
| 14:08 | Research | Horse Collar |
| 14:16 | Build | Farm |
| 14:18 | Build | Farm |
| 14:18 | Build | Farm |
| 14:18 | Build | Farm |
| 14:19 | Build | Farm |
| 14:19 | Build | Farm |
| 14:19 | Build | Farm |
| 14:19 | Build | Farm |
| 14:59 | Queue | Villager (Male) |
| 15:02 | Build | Farm |
| 15:03 | Build | Farm |
| 15:03 | Build | Farm |
| 15:03 | Build | Farm |
| 15:03 | Build | Farm |
| 15:03 | Build | Farm |
| 15:04 | Build | Farm |
| 15:28 | Build | Farm |
| 15:28 | Build | Farm |
| 16:26 | Queue | Villager (Male) |
| 16:26 | Age | Castle Age |
| 17:11 | Queue | Villager (Male) |
| 17:29 | Build | Castle |
| 17:45 | Queue | Villager (Male) |
| 17:45 | Queue | Villager (Male) |
| 18:00 | Build | Farm |
| 18:00 | Build | Farm |
| 18:01 | Build | Farm |
| 18:53 | Queue | Villager (Male) |
| 18:53 | Queue | Villager (Male) |
| 18:53 | Queue | Villager (Male) |
| 19:02 | Queue | Janissary |
| 19:11 | Queue | Janissary |
| 19:36 | Build | Siege Workshop |
| 19:45 | Queue | Villager (Male) |
| 20:00 | Build | Lumber Camp |
| 20:10 | Queue | Villager (Male) |
| 20:15 | Queue | Janissary |
| 20:36 | Queue | Villager (Male) |
| 20:44 | Queue | Villager (Male) |
| 21:05 | Queue | Battering Ram |
| 21:05 | Queue | Battering Ram |
| 21:07 | Queue | Janissary |
| 21:22 | Queue | Villager (Male) |
| 21:32 | Build | Farm |
| 21:32 | Build | Farm |
| 22:01 | Queue | Janissary |
| 22:06 | Queue | Battering Ram |
| 22:48 | Queue | Villager (Male) |
| 22:49 | Queue | Villager (Male) |
| 22:49 | Queue | Villager (Male) |
| 22:49 | Queue | Villager (Male) |
| 22:58 | Build | Mill |
| 22:59 | Build | Farm |
| 22:59 | Build | Farm |
| 22:59 | Build | Farm |
| 22:59 | Build | Farm |
| 23:00 | Build | Farm |
| 23:00 | Build | Farm |
| 23:00 | Build | Farm |
| 23:37 | Build | Farm |
| 23:37 | Build | Farm |
| 23:38 | Build | Farm |
| 24:08 | Build | Town Center |
| 24:25 | Queue | Villager (Male) |
| 24:25 | Queue | Villager (Male) |
| 24:44 | Build | Blacksmith |
| 24:51 | Queue | Villager (Male) |
| 24:56 | Queue | Petard |
| 24:57 | Queue | Petard |
| 24:57 | Queue | Petard |
| 25:08 | Queue | Villager (Male) |
| 25:41 | Queue | Battering Ram |
| 25:41 | Queue | Battering Ram |
| 25:51 | Build | Farm |
| 25:51 | Build | Farm |
| 25:51 | Build | Farm |
| 25:52 | Build | Farm |
| 25:52 | Build | Farm |
| 25:52 | Build | Farm |
| 25:53 | Build | Farm |
Build order — randal7580
134 actions detected in the replay
| 0:01 | Queue | Villager (Male) |
| 0:01 | Queue | Villager (Male) |
| 0:02 | Queue | Villager (Male) |
| 0:03 | Build | House |
| 0:05 | Build | House |
| 0:18 | Queue | Villager (Male) |
| 0:18 | Queue | Villager (Male) |
| 1:47 | Queue | Villager (Male) |
| 1:47 | Queue | Villager (Male) |
| 1:52 | Build | Lumber Camp |
| 1:54 | Queue | Villager (Male) |
| 1:55 | Queue | Villager (Male) |
| 2:40 | Queue | Villager (Male) |
| 2:40 | Queue | Villager (Male) |
| 3:03 | Queue | Villager (Male) |
| 3:03 | Queue | Villager (Male) |
| 3:04 | Queue | Villager (Male) |
| 3:33 | Queue | Villager (Male) |
| 3:33 | Queue | Villager (Male) |
| 4:05 | Build | House |
| 4:06 | Build | House |
| 4:08 | Queue | Villager (Male) |
| 4:08 | Queue | Villager (Male) |
| 4:23 | Build | Mill |
| 4:42 | Queue | Villager (Male) |
| 4:42 | Queue | Villager (Male) |
| 4:42 | Queue | Villager (Male) |
| 5:17 | Queue | Villager (Male) |
| 5:17 | Queue | Villager (Male) |
| 5:39 | Queue | Villager (Male) |
| 5:39 | Queue | Villager (Male) |
| 6:34 | Queue | Villager (Male) |
| 6:36 | Queue | Villager (Male) |
| 6:39 | Research | Loom |
| 6:53 | Build | Barracks |
| 7:19 | Build | Mining Camp |
| 7:53 | Build | House |
| 7:57 | Research | Feudal Age |
| 8:20 | Build | House |
| 8:21 | Queue | Militia |
| 8:34 | Queue | Militia |
| 8:54 | Queue | Militia |
| 9:56 | Queue | Villager (Male) |
| 9:56 | Queue | Villager (Male) |
| 10:01 | Build | Mining Camp |
| 10:15 | Age | Feudal Age |
| 10:29 | Research | Man-at-Arms (upgrade) |
| 10:34 | Build | Watch Tower |
| 10:47 | Queue | Villager (Male) |
| 11:20 | Build | Palisade Wall |
| 11:21 | Build | Palisade Wall |
| 11:33 | Build | Watch Tower |
| 11:50 | Build | Palisade Wall |
| 11:50 | Build | Palisade Wall |
| 11:51 | Build | Palisade Wall |
| 11:52 | Build | Palisade Wall |
| 11:53 | Build | Palisade Wall |
| 11:54 | Queue | Villager (Male) |
| 12:01 | Queue | Villager (Male) |
| 12:10 | Queue | Villager (Male) |
| 12:20 | Research | Double-Bit Axe |
| 12:35 | Build | Mining Camp |
| 13:26 | Queue | Villager (Male) |
| 13:27 | Queue | Villager (Male) |
| 13:35 | Build | Farm |
| 13:37 | Build | Farm |
| 13:40 | Build | Farm |
| 13:41 | Queue | Villager (Male) |
| 14:04 | Build | House |
| 14:09 | Build | Watch Tower |
| 14:15 | Queue | Villager (Male) |
| 14:21 | Research | Horse Collar |
| 14:39 | Build | Palisade Wall |
| 14:39 | Build | Palisade Wall |
| 14:40 | Build | Palisade Wall |
| 14:44 | Queue | Villager (Male) |
| 14:49 | Build | Farm |
| 14:53 | Build | Farm |
| 14:54 | Queue | Villager (Male) |
| 15:05 | Build | Lumber Camp |
| 15:09 | Queue | Villager (Male) |
| 15:37 | Build | Farm |
| 15:59 | Build | House |
| 16:01 | Build | House |
| 16:05 | Build | Farm |
| 16:09 | Queue | Villager (Male) |
| 16:32 | Build | Blacksmith |
| 16:35 | Build | Market |
| 16:51 | Queue | Villager (Male) |
| 16:53 | Queue | Villager (Male) |
| 17:27 | Build | Watch Tower |
| 17:42 | Build | Watch Tower |
| 17:45 | Build | Palisade Wall |
| 17:45 | Build | Palisade Wall |
| 17:46 | Build | Palisade Wall |
| 17:46 | Build | Palisade Wall |
| 17:54 | Queue | Villager (Male) |
| 18:07 | Build | Farm |
| 18:10 | Build | Farm |
| 18:12 | Build | Farm |
| 18:15 | Build | Farm |
| 18:18 | Build | Farm |
| 18:21 | Queue | Villager (Male) |
| 18:49 | Research | Castle Age |
| 19:12 | Build | Palisade Gate |
| 19:22 | Build | Mill |
| 19:25 | Research | Stone Mining |
| 19:26 | Research | Gold Mining |
| 19:39 | Research | Fletching |
| 19:51 | Build | House |
| 20:09 | Build | Mining Camp |
| 20:49 | Queue | Villager (Male) |
| 20:49 | Queue | Villager (Male) |
| 20:56 | Research | Wheelbarrow |
| 21:29 | Age | Castle Age |
| 21:32 | Build | University |
| 21:39 | Build | Castle |
| 21:42 | Research | Bodkin Arrow |
| 22:56 | Research | Ballistics |
| 22:57 | Research | Murder Holes |
| 22:57 | Research | Masonry |
| 23:28 | Build | Watch Tower |
| 23:37 | Queue | Villager (Male) |
| 23:37 | Queue | Villager (Male) |
| 24:26 | Research | Eupseong |
| 24:41 | Build | Watch Tower |
| 24:59 | Build | Palisade Wall |
| 25:00 | Build | Palisade Wall |
| 25:00 | Build | Palisade Wall |
| 25:01 | Build | Palisade Wall |
| 25:02 | Build | Palisade Wall |
| 25:17 | Queue | Villager (Male) |
| 25:17 | Queue | Villager (Male) |
| 25:30 | Queue | War Wagon |
Match timeline
| 6:53 | randal7580 · first_building Barracks |
| 9:37 | Muted TY · wall_segment Palisade Wall x8 |
| 10:15 | randal7580 · age_up feudal |
| 11:05 | Muted TY · wall_segment Palisade Wall x4 |
| 11:20 | randal7580 · wall_segment Palisade Wall x1 |
| 11:21 | randal7580 · wall_segment Palisade Wall x1 |
| 11:30 | Muted TY · age_up feudal |
| 11:50 | randal7580 · wall_segment Palisade Wall x1 |
| 11:50 | randal7580 · wall_segment Palisade Wall x1 |
| 11:51 | randal7580 · wall_segment Palisade Wall x1 |
| 11:52 | randal7580 · wall_segment Palisade Wall x1 |
| 11:53 | randal7580 · wall_segment Palisade Wall x1 |
| 13:26 | Muted TY · wall_segment Palisade Wall x1 |
| 13:38 | Muted TY · first_market_sell 100 wood |
| 14:39 | randal7580 · wall_segment Palisade Wall x1 |
| 14:39 | randal7580 · wall_segment Palisade Wall x1 |
| 14:40 | randal7580 · wall_segment Palisade Wall x1 |
| 16:26 | Muted TY · age_up castle |
| 16:36 | Muted TY · first_market_buy 100 stone |
| 17:29 | Muted TY · first_building Castle |
| 17:45 | randal7580 · wall_segment Palisade Wall x1 |
| 17:45 | randal7580 · wall_segment Palisade Wall x1 |
| 17:46 | randal7580 · wall_segment Palisade Wall x1 |
| 17:46 | randal7580 · wall_segment Palisade Wall x1 |
| 19:36 | Muted TY · first_building Siege Workshop |
| 21:29 | randal7580 · age_up castle |
| 21:39 | randal7580 · first_building Castle |
| 24:59 | randal7580 · wall_segment Palisade Wall x1 |
| 25:00 | randal7580 · wall_segment Palisade Wall x1 |
| 25:00 | randal7580 · wall_segment Palisade Wall x1 |
| 25:01 | randal7580 · wall_segment Palisade Wall x1 |
| 25:02 | randal7580 · wall_segment Palisade Wall x1 |
| 26:10 | Muted TY · resign |
[ AI ANALYSIS · 1 CREDIT ]
What really happened in this match?
Wolo.gg analyzes every decision: build order, eco, micro, common mistakes by bracket. Personalized analysis on WhatsApp or Discord in 30 seconds.
Civ guide
Turks
Perfil
Jugador #25616047